 Dungeon Crawl Stone Soup version 0.27.1-3-gb3d3a73c9e (webtiles) character file.

Game seed: 2205819911333687919

15 Urokeeper the Sneak (level 2, 0/15 HPs)
             Began as a Spriggan Brigand on Oct 5, 2021.
             Slain by a goblin (4 damage)
             ... on level 1 of the Dungeon.
             The game lasted 00:02:28 (697 turns).

Urokeeper the Sneak (Spriggan Brigand)               Turns: 697, Time: 00:02:29

Health: 0/15       AC:  3    Str:  7    XL:     2   Next: 34%
Magic:  3/3        EV: 17    Int: 12    God:
Gold:   35         SH:  0    Dex: 16    Spells: 1/1 levels left

rFire    . . .     SeeInvis +   a - +2 dagger
rCold    . . .     Faith    .   (shield restricted)
rNeg     . . .     Spirit   .   b - +0 robe
rPois    .         Reflect  .   (helmet restricted)
rElec    .         Harm     .   c - +0 cloak
rCorr    .         Rampage  .   (gloves unavailable)
Will     .....                  (boots unavailable)
Stlth    +++.......             (no amulet)
HPRegen  0.05/turn              (no ring)
MPRegen  0.08/turn              (no ring)

@: very quick
A: very small, no large weapons, unfitting armour, see invisible, speed 3
a: no special abilities


You were on level 1 of the Dungeon.
You visited 1 branch of the dungeon, and saw 1 of its levels.

You collected 35 gold pieces.

Inventory:

Hand Weapons
 a - a +2 dagger (weapon)
Missiles
 d - 8 poisoned darts (quivered)
 e - 2 curare-tipped darts
 j - 8 silver javelins
Armour
 b - a +0 robe (worn)
 c - a +0 cloak (worn)
Scrolls
 f - a scroll of immolation {unknown}
 i - 2 scrolls of amnesia {unknown}
Potions
 g - 2 potions of resistance {unknown}
 h - a potion of brilliance {unknown}


   Skills:
 + Level 1.8 Fighting
 + Level 2.4 Short Blades
 + Level 0.1(1.5) Slings
 - Level 2.1(2.2) Throwing
 + Level 1.9 Dodging
 + Level 6.1 Stealth


You had one spell level left.
You didn't know any spells.
Your spell library was empty.

Dungeon Overview and Level Annotations

Branches:
Dungeon (1/15)

Altars:


Innate Abilities, Weirdness & Mutations

You are very small and have problems with some larger weapons.
You are too small for most types of armour.
You have supernaturally acute eyesight. (SInv)
You cover ground extremely quickly. (Speed+++)


Message History

The quokka misses you.
You hit the quokka but do no damage.
The quokka is heavily wounded.
The goblin closely misses you. The quokka bites you.
You barely miss the quokka.
The quokka is heavily wounded.
The goblin misses you. The goblin hits you with a +0 club.
The quokka misses you.
You are too injured to fight recklessly!
You are too injured to fight recklessly!
You are too injured to fight recklessly!
You barely miss the quokka.
The quokka is heavily wounded.
The quokka completely misses you. The goblin closely misses you.
The goblin misses you.
You hit the quokka.
You kill the quokka!
The goblin hits you but does no damage. The goblin closely misses you.
The goblin misses you.
You barely miss the goblin. The goblin misses you.
The goblin closely misses you.
You hit the goblin.
You kill the goblin!
The goblin hits you with a +0 club.
* * * LOW HITPOINT WARNING * * *
The goblin misses you.
Things that are here:
a +0 club; a goblin corpse The goblin hits you with a +0 club.
* * * LOW HITPOINT WARNING * * *
You barely miss the goblin. The goblin misses you.
You hit the goblin.
The goblin is moderately wounded.
The goblin misses you.
You barely miss the goblin.
The goblin is moderately wounded.
You hit the goblin but do no damage.
The goblin is moderately wounded.
The goblin hits you with a +0 club.
You die...

#.#.# #.#.# #.#.#
#.#####.#.#
#.........# ###
#######.###
.....####.).##.###
#.....).......#
#...>.g@...##.#
#..........# .#
#..........# #
#........#...
...##.#...#.##.#
.### #.##.##.# #
#.##.##.# #.#


You could see a goblin.

Vanquished Creatures
  A bat (D:1)
  3 endoplasms (D:1)
  3 goblins (D:1)
  2 quokkas (D:1)
  A frilled lizard (D:1)
  A kobold (D:1)
  2 rats (D:1)
13 creatures vanquished.

Notes
Turn   | Place    | Note
-------+----------+-------------------------------------------
     0 | D:1      | Urokeeper the Spriggan Brigand began the quest for the Orb.
     0 | D:1      | Reached XP level 1. HP: 10/10 MP: 2/2
   314 | D:1      | Reached skill level 6 in Stealth
   379 | D:1      | Reached XP level 2. HP: 15/15 MP: 3/3
   697 | D:1      | Slain by a goblin

Illustrated notes

Levels and vault maps discovered:
D:1:      lightli_arrival_chessboard, layout_loops_ring

Skill      XL: |  1 |
---------------+----+-----
Stealth        | 6 |  6.1
Fighting       | |  1.8
Short Blades   | |  2.4
Slings         | |  0.1
Throwing       | |  2.1
Dodging        | |  1.9

Action                   || total
-------------------------++-------
Melee: Dagger            ||    55
 Stab: Sleeping          ||     4
Armor: Robe              ||     2
Dodge: Dodged            ||    42
